 Dungeon Crawl Stone Soup version 0.27-a0-789-g6bb3289e1e (webtiles) character file.

Game seed: 2142420470273138881

373 robertstho the Shooter (level 6, -1/34 (52) HPs)
             Began as a Minotaur Hunter on Mar 26, 2021.
             Slain by a crimson imp (4 damage)
             ... summoned by Natasha
             ... on level 4 of the Dungeon.
             The game lasted 00:05:05 (3038 turns).

robertstho the Shooter (Minotaur Hunter)            Turns: 3038, Time: 00:05:07

HP:   -1/34 (52)    AC:  0    Str: 17    XL:     6   Next: 43%
MP:   5/5           EV:  7    Int:  8    God:
Gold: 78            SH:  0    Dex: 12    Spells: 5/5 levels left

rFire    . . .     SeeInvis .   e - +0 hand axe (drain)
rCold    . . .     Faith    .   (no shield)
rNeg     . . .     Spirit   .   g - +0 chain mail
rPois    .         Reflect  .   (helmet restricted)
rElec    .         Harm     .   (no cloak)
rCorr    .         Rampage  .   (no gloves)
Will     .....                  (no boots)
Stlth    ..........             o - amulet of regeneration
HPRegen  1.11/turn              (no ring)
MPRegen  0.09/turn              (no ring)

@: corroded, attractive, very heavily drained
A: horns 2, retaliatory headbutt
a: no special abilities


You were on level 4 of the Dungeon.
You visited 1 branch of the dungeon, and saw 4 of its levels.

You collected 78 gold pieces.

Inventory:

Hand Weapons
 a - a +1 shortbow
 b - a +0 short sword
 e - a +0 hand axe of draining (weapon)
 h - a +0 dagger of speed
Missiles
 d - 22 arrows
Armour
 c - a +0 leather armour
 g - a +0 chain mail (worn)
Jewellery
 o - an amulet of regeneration (around neck)
Scrolls
 i - a scroll of acquirement {unknown}
 j - 2 scrolls of brand weapon
 l - a scroll of magic mapping {unknown}
 m - a scroll of vulnerability {unknown}
 n - a scroll of enchant armour {unknown}
 p - 2 scrolls of summoning {unknown}
 q - a scroll of fear {unknown}
 r - a scroll of blinking {unknown}
 s - a scroll of identify
Potions
 f - a potion of cancellation
 k - a potion of curing
 t - a potion of attraction


   Skills:
 * Level 3.8 Fighting
 + Level 1.1 Short Blades
 * Level 7.6 Bows
 + Level 2.0 Armour
 + Level 2.2 Dodging
 - Level 0.7 Stealth


You had 5 spell levels left.
You didn't know any spells.
Your spell library contained the following spells:

 Spells                   Type           Power      Damage    Failure   Level
 Animate Skeleton         Necr           0%         N/A       100%        1
 Apportation              Tloc           0%         N/A       100%        1
 Corona                   Hex            0%         N/A       100%        1
 Summon Small Mammal      Summ           0%         N/A       100%        1


Dungeon Overview and Level Annotations

Branches:
Dungeon (4/15)
 Temple: D:4-7

Altars:
Yredelemnul

Annotations:
D:4 1 runed translucent door, Natasha


Innate Abilities, Weirdness & Mutations

You have a pair of horns on your head.
You reflexively headbutt those who attack you in melee.


Message History

You are too injured to fight recklessly!
You are too injured to fight recklessly!
You are too injured to fight recklessly!
You are too injured to fight recklessly!
You are too injured to fight recklessly!
You are too injured to fight recklessly!
You are too injured to fight recklessly!
You are too injured to fight recklessly!
You are too injured to fight recklessly!
You are too injured to fight recklessly!
You feel better. The jelly closely misses you. You furiously retaliate!
You headbutt the jelly.
You kill the jelly!
Your Short Blades skill increases to level 1!
Your Armour skill increases to level 2!
It was a potion of attraction.
You feel attractive to monsters.
Natasha mumbles some strange words.
Natasha is pulled toward you! The crimson imp is pulled toward you!
You closely miss Natasha. Natasha claws you. Natasha barely misses you.
You closely miss Natasha. You completely miss the crimson imp.
The crimson imp hits you.
Natasha hisses.
Natasha claws you!
* * * LOW HITPOINT WARNING * * *
You hit Natasha but do no damage. You headbutt Natasha.
Natasha is lightly wounded.
You miss the crimson imp. The crimson imp hits you.
* * * LOW HITPOINT WARNING * * *
Natasha closely misses you. You furiously retaliate!
You headbutt Natasha, but do no damage. You closely miss Natasha.
Natasha is lightly wounded.
You hit the crimson imp but do no damage.
The crimson imp hits you.
* * * LOW HITPOINT WARNING * * *
Natasha claws you.
* * * LOW HITPOINT WARNING * * *
The crimson imp hits you.
You die...

#.# #.#
##.### #.....
#..#.. #..#.#
## #5h#.# #
....##.@#.# #
#.....#.###.#
#
#...........#
#
####.##.#####
# #. #.# ###
#. #.# ..# #.
#.# ..### #.
#.# ....# #.
#.# ###


You could see Natasha and a crimson imp (summoned).

Vanquished Creatures
  An orc priest (D:3)
  A jelly (D:4)
  Natasha (D:4)
  A human skeleton (D:4)
  An orc wizard (D:4)
  Robin (D:2)
  7 gnolls
  6 adders
  A worm (D:2)
  A dart slug (D:3)
  9 orcs
  6 ball pythons
  4 endoplasms
  A giant cockroach (D:1)
  8 hobgoblins
  11 jackals
  3 quokkas (D:3)
  2 bats
  5 frilled lizards
  13 goblins
  A goblin zombie (D:4)
  A jackal zombie (D:4)
  3 kobolds
  6 rats
94 creatures vanquished.

Notes
Turn   | Place    | Note
-------+----------+-------------------------------------------
     0 | D:1      | robertstho the Minotaur Hunter began the quest for the Orb.
     0 | D:1      | Reached XP level 1. HP: 18/18 MP: 0/0
   239 | D:1      | Reached XP level 2. HP: 25/25 MP: 1/1
   463 | D:1      | Reached skill level 5 in Bows
   947 | D:2      | Reached XP level 3. HP: 23/30 MP: 2/2
  1089 | D:2      | Noticed Robin
  1108 | D:2      | Killed Robin
  1109 | D:2      | Reached XP level 4. HP: 34/38 MP: 3/3
  1111 | D:2      | Reached skill level 6 in Bows
  1946 | D:3      | Found a faded altar of an unknown god.
  1978 | D:3      | Reached XP level 5. HP: 43/45 MP: 4/4
  2028 | D:3      | Reached skill level 7 in Bows
  2717 | D:4      | Reached skill level 1 in Armour
  2801 | D:4      | Noticed Natasha
  2807 | D:4      | Killed Natasha
  2808 | D:4      | Reached XP level 6. HP: 51/51 MP: 5/5
  2829 | D:4      | Noticed a human
  2833 | D:4      | Found a runed translucent door.
  2844 | D:4      | Found a basalt altar of Yredelemnul.
  3030 | D:4      | Noticed Natasha
  3034 | D:4      | Reached skill level 1 in Short Blades
  3038 | D:4      | Slain by a crimson imp

Illustrated notes

Levels and vault maps discovered:
D:1:      wander_arrival_desolate, layout_basic, minivault_25,
          chequers_serial_rivers_micro_c, item_on_display_a
D:2:      layout_rooms, kennysheep_generic_room_8, uniq_robin
D:3:      layout_basic, chequers_ecumenical_altar_twisty
D:4:      layout_loops_ring, minitemple, enter_ossuary_1, dk_yredelemnul_ordeal,
          uniq_natasha

Skill      XL: |  1  2  3  4  5  6 |
---------------+-------------------+-----
Bows           | 5 6 7 |  7.6
Fighting       | 3 |  3.8
Armour         | 1 2 |  2.0
Short Blades   | 1 |  1.1
Dodging        | |  2.2
Stealth        | |  0.7

Action                   |  1- 3 |  4- 6 || total
-------------------------+-------+-------++-------
Melee: Dagger            |    20 |   152 ||   172
       Headbutt          |     6 |    29 ||    35
       Hand axe          |       |     6 ||     6
 Fire: Shortbow          |    67 |    75 ||   142
  Use: Scroll            |     3 |     2 ||     5
       Potion            |       |     5 ||     5
Armor: Chain mail        |    22 |    55 ||    77
Dodge: Dodged            |    12 |    48 ||    60

Table legend: (Time is in decaauts)
 A = Elapsed time spent in this place.
 B = Non-inter-level travel time spent in this place.
 C = Inter-level travel time spent in this place.
 D = Time resting spent in this place.
 E = Time spent auto-exploring this place.
 F = Levels seen in this place.
 G = Mean time per level.
                   A        B        C        D        E       F      G
               +--------+--------+--------+--------+--------+-----+--------+
         Total |   2957 |   2806 |    151 |      0 |   2245 |   4 |  739.2 |
       Dungeon |   2957 |   2806 |    151 |      0 |   2245 |   4 |  739.2 |
               +--------+--------+--------+--------+--------+-----+--------+

Top non-repeatable levels by time:
     D:3: 1121 daAuts
     D:1: 848 daAuts
     D:2: 694 daAuts
     D:4: 293 daAuts
